 Dungeon Sprint DCSS version 0.31-a0-544-gceb718ecc6 (webtiles) character file.

Game seed: 7376436791911167770

12765 zazu2006 the Luminary of Lethal Lore (level 11, -12/93 HPs)
             Began as a Gnoll Wanderer on Aug 16, 2023.
             Was the Champion of Vehumet.
             Killed from afar by a deep elf knight (40 damage)
             ... with a shard of ice
             ... in the Dungeon (Sprint VII: "The Pits").
             The game lasted 00:18:07 (3032 turns).

zazu2006 the Luminary of Lethal Lore (GnWn)         Turns: 3032, Time: 00:18:07

Health: -12/93     AC: 22    Str: 11    XL:     11   Next: 98%
Magic:  3/26       EV: 18    Int: 14    God:    Vehumet [******]
Gold:   0          SH:  7    Dex: 14    Spells: 16/33 levels left

rFire   . . .        w - +2 scimitar (flame)
rCold   . . .        e - +0 buckler {AC+3}
rNeg    . . .        t - +5 ring mail
rPois   .            d - +1 hat {Will+}
rElec   .            s - +0 cloak
rCorr   .            b - +0 pair of gloves
SInv    .            (no boots)
Will    +....        (no amulet)
Stlth   ++++         l - +3 ring of evasion
HPRegen 0.35/turn    m - +3 ring of protection
MPRegen 0.20/turn

%: no teleportation
@: no status effects
A: fangs 1, strong nose, distributed training
a: Renounce Religion


You were in the Dungeon.
You worshipped Vehumet.
Vehumet was exalted by your worship.
You visited 1 branch

Inventory:

Hand Weapons
 p - a +2 dagger of draining
 q - a +2 long sword of holy wrath
 w - a +2 scimitar of flaming (weapon)
Armour
 b - a +0 pair of gloves (worn)
 d - a +1 hat of willpower (worn)
 e - a +0 buckler of protection (worn)
 s - a +0 cloak (worn)
 t - a +5 ring mail (worn)
Jewellery
 l - a +3 ring of evasion (left hand)
 m - a +3 ring of protection (right hand)
Scrolls
 c - a scroll of teleportation
 k - a scroll of blinking
 n - 5 scrolls of amnesia
 o - a scroll of butterflies
Potions
 a - 2 potions of invisibility
 f - 6 potions of curing
 g - 7 potions of heal wounds
 h - a potion of haste
 i - 4 potions of magic
 v - a potion of brilliance


   Skills:
 + Level 11.5 Fighting
 + Level 11.2 Short Blades
 + Level 11.2 Long Blades
 + Level 11.2 Axes
 + Level 11.2 Maces & Flails
 + Level 11.2 Polearms
 + Level 11.2 Staves
 + Level 11.2 Ranged Weapons
 + Level 11.2 Throwing
 + Level 11.2 Armour
 + Level 12.1 Dodging
 + Level 11.2 Stealth
 + Level 12.1 Shields
 + Level 11.2 Unarmed Combat
 + Level 11.6 Spellcasting
 + Level 9.5 Conjurations
 + Level 9.5 Hexes
 + Level 9.5 Summonings
 + Level 9.5 Necromancy
 + Level 11.0 Translocations
 + Level 9.5 Transmutations
 + Level 9.5 Fire Magic
 + Level 9.5 Ice Magic
 + Level 9.5 Air Magic
 + Level 9.5 Earth Magic
 + Level 9.5 Poison Magic
 + Level 12.5 Invocations
 + Level 11.2 Evocations
 + Level 9.5 Shapeshifting


You had 16 spell levels left.
You knew the following spells:

 Your Spells              Type           Power      Damage    Failure   Level
a - Apportation           Tloc           76%        N/A       1%          1
b - Foxfire               Conj/Fire      100%       2x1d9     1%          1
c - Airstrike             Air            17%        2d(3-19)  1%          4
d - Lee's Rapid Deconstr  Erth           17%        3d10*     3%          5
e - Leda's Unmaking       Conj/Erth      17%        9d3       17%         6

Your spell library contained the following spells:

 Spells                   Type           Power      Damage    Failure   Level
 Ozocubu's Refrigeration  Ice            17%        4d11      63%         7
 Gell's Gravitas          Tloc           38%        N/A       1%          3


Dungeon Overview and Level Annotations

Branches:
Dungeon (1/1)

Altars:
Ashenzari
Cheibriados
Dithmenos
Elyvilon
Fedhas
Gozag
Hepliaklqana
Kikubaaqudgha
Makhleb
Nemelex Xobeh
Okawaru
Qazlal
Ru
Sif Muna
Trog
Uskayaw
Vehumet
Wu Jian
Xom
Yredelemnul
Zin
The Shining One
Jiyva
Lugonu


Innate Abilities, Weirdness & Mutations

You have very sharp teeth.
Your uncanny sense of smell can sniff out nearby items.
Your experience applies equally to all skills.


Message History

Unknown command.
Unknown command.
The deep elf knight blocks your attack.
Your bite misses the deep elf knight.
The deep elf knight is severely wounded.
You hit the deep elf knight. You burn the deep elf knight.
The deep elf knight is almost dead.
The deep elf knight casts a spell.
The deep elf knight seems to speed up.
Your magical contamination has completely faded away.
You hit the deep elf knight. You burn the deep elf knight.
The deep elf knight is almost dead.
The deep elf knight hits you but does no damage.
The deep elf knight casts a spell at you.
You block the shard of ice. The deep elf knight blocks your attack.
The deep elf knight is severely wounded.
The deep elf knight hits you but does no damage.
You hit the deep elf knight. You burn the deep elf knight.
The deep elf knight is almost dead.
The deep elf knight closely misses you.
You closely miss the deep elf knight.
The deep elf knight is almost dead.
The deep elf knight points at you and mumbles some strange words.
The lance of force hits you!!
You are knocked back by the lance of force.
The deep elf knight points at you and mumbles some strange words.
The shard of ice hits you!!
Casting: Lee's Rapid Deconstruction (dangerous; 3% risk of failure)
Confirm with . or Enter, or press ? or * to list all spells.
You don't have enough magic to cast this spell.
Casting: Lee's Rapid Deconstruction (dangerous; 3% risk of failure)
Confirm with . or Enter, or press ? or * to list all spells.
Okay, then.
You aren't carrying any items that you can evoke.
Casting: Lee's Rapid Deconstruction (dangerous; 3% risk of failure)
Confirm with . or Enter, or press ? or * to list all spells.
You conjure some foxfire!
The deep elf knight casts a spell at you.
The shard of ice hits you!!!
You die...

...........# ..#
.#..#......##..#
...........++..#
...........++..#
.#..#......##...... ∆∆
...).......# ..... ∆∆
####''###### ####
..##''############## #####
..##....).#...)v@v.###...#
..##...)###...###÷..#÷..## .
..##...##.'...'.##.....#### ..
..##..##..##'##..##...##..##..#
..##.)#..##...##..'.).#........
..##.)#..#.....#..#..e#....#..#
####..'..).....'..+..))....)..e
####..#..#)....#..#...#....#..#
.[##..#..##...##..'...#........


You could see a deep elf knight (fast, ally target).

Vanquished Creatures
  Gastronok (D)
  A two-headed ogre (D)
  A boulder beetle (D)
  A demonic crawler (D)
  2 deep elf knights (D)
  A bog body (D)
  A deep elf archer (D)
  A lindwurm (D)
  A deep elf pyromancer (D)
  Joseph (D)
  A black mamba (D)
  An elephant (D)
  2 gargoyles (D)
  2 cane toads (D)
  An unseen horror (D)
  A red devil (D)
  An ice devil (D)
  A troll (D)
  2 merfolk (D)
  A hornet (D)
  Grinder (D)
  3 blink frogs (D)
  A tarantella (shapeshifter) (D)
  Prince Ribbit (D)
  A flying skull (D)
  A wyvern (D)
  A spriggan (D)
  A fire bat (D)
  3 vampire mosquitoes (D)
  A water moccasin (D)
  An acid dragon (D)
  A floating eye (D)
  Duvessa (D)
  An orc warrior (D)
  A black bear (D)
  An ogre (D)
  A wolf (D)
  A centaur (D)
  2 scorpions (D)
  Dowan (D)
  A jelly (D)
  2 gnoll boudas (D)
  An orc priest (D)
  An iguana (D)
  An orc wizard (D)
  8 gnolls (D)
  3 orcs (D)
  A ball python (D)
  2 giant cockroaches (D)
  3 goblins (D)
  4 jackals (D)
  A bat (D)
  A giant cockroach zombie (D)
  2 kobolds (D)
  A quokka skeleton (D)
81 creatures vanquished.

Vanquished Creatures (others)
  84 foxfires (D)
84 creatures vanquished.

Grand Total: 165 creatures vanquished

Notes
Turn   | Place    | Note
-------+----------+-------------------------------------------
     0 | D        | zazu2006 the Gnoll Wanderer began the quest for the Orb.
     0 | D        | zazu2006 set off with the following items: a +0 dagger, a
                  | +0 pair of gloves, a scroll of teleportation, a +0 robe, a
                  | +0 buckler of protection, a potion of curing, a potion of
                  | heal wounds, a potion of haste, 2 potions of magic, a
                  | potion of berserk rage, a scroll of blinking; and the
                  | following spell memorised: Apportation; and the following
                  | spells available to memorise: Gell's Gravitas.
     0 | D        | Reached XP level 1. HP: 17/17 MP: 4/4
    51 | D        | Found a glowing golden altar of the Shining One.
    51 | D        | Found a glowing silver altar of Zin.
    51 | D        | Found a basalt altar of Yredelemnul.
    51 | D        | Found a shimmering altar of Xom.
    51 | D        | Found an ornate altar of the Wu Jian Council.
    51 | D        | Found a bloodstained altar of Trog.
    51 | D        | Found a shimmering blue altar of Sif Muna.
    51 | D        | Found a sacrificial altar of Ru.
    51 | D        | Found a stormy altar of Qazlal.
    51 | D        | Found an iron altar of Okawaru.
    51 | D        | Found a sparkling altar of Nemelex Xobeh.
    51 | D        | Found a burning altar of Makhleb.
    51 | D        | Found a viscous altar of Jiyva.
    51 | D        | Found a hazy altar of Hepliaklqana.
    51 | D        | Found an opulent altar of Gozag.
    51 | D        | Found a blossoming altar of Fedhas.
    51 | D        | Found a white marble altar of Elyvilon.
    51 | D        | Found a shadowy altar of Dithmenos.
    51 | D        | Found a snail-covered altar of Cheibriados.
    52 | D        | Found a radiant altar of Vehumet.
    52 | D        | Found a corrupted altar of Lugonu.
    53 | D        | Found a hide-covered altar of Uskayaw.
    53 | D        | Found an ancient bone altar of Kikubaaqudgha.
    53 | D        | Found a broken altar of Ashenzari.
    60 | D        | Became a worshipper of Vehumet
    84 | D        | Reached * piety under Vehumet
    84 | D        | Offered knowledge of Foxfire by Vehumet.
    87 | D        | Learned a level 1 spell: Foxfire
    90 | D        | Reached skill level 1 in Short Blades
    90 | D        | Reached skill level 1 in Long Blades
    90 | D        | Reached skill level 1 in Axes
    90 | D        | Reached skill level 1 in Maces & Flails
    90 | D        | Reached skill level 1 in Polearms
    90 | D        | Reached skill level 1 in Staves
    90 | D        | Reached skill level 1 in Ranged Weapons
    90 | D        | Reached skill level 1 in Throwing
    90 | D        | Reached skill level 1 in Armour
    90 | D        | Reached skill level 1 in Stealth
    90 | D        | Reached skill level 1 in Unarmed Combat
    90 | D        | Reached skill level 1 in Evocations
    91 | D        | Noticed a water moccasin
   105 | D        | Killed a water moccasin
   106 | D        | Reached skill level 5 in Dodging
   106 | D        | Reached skill level 5 in Shields
   106 | D        | Reached XP level 2. HP: 13/25 MP: 1/7
   106 | D        | Reached XP level 3. HP: 15/30 MP: 1/8
   106 | D        | Reached XP level 4. HP: 19/37 MP: 1/10
   106 | D        | Reached XP level 5. HP: 22/42 MP: 1/11
   108 | D        | Reached ** piety under Vehumet
   109 | D        | Offered knowledge of Shock by Vehumet.
   197 | D        | Noticed a floating eye
   212 | D        | Reached skill level 5 in Invocations
   214 | D        | Paralysed by a floating eye for 3 turns
   215 | D        | Reached skill level 5 in Spellcasting
   219 | D        | Reached *** piety under Vehumet
   223 | D        | Killed a floating eye
   224 | D        | Reached skill level 5 in Fighting
   224 | D        | Reached XP level 6. HP: 30/51 MP: 12/14
   334 | D        | Offered knowledge of Hailstorm by Vehumet.
   334 | D        | Reached **** piety under Vehumet
   343 | D        | Reached skill level 5 in Short Blades
   343 | D        | Reached skill level 5 in Long Blades
   343 | D        | Reached skill level 5 in Axes
   343 | D        | Reached skill level 5 in Maces & Flails
   343 | D        | Reached skill level 5 in Polearms
   343 | D        | Reached skill level 5 in Staves
   343 | D        | Reached skill level 5 in Ranged Weapons
   343 | D        | Reached skill level 5 in Throwing
   343 | D        | Reached skill level 5 in Armour
   343 | D        | Reached skill level 5 in Stealth
   343 | D        | Reached skill level 5 in Unarmed Combat
   343 | D        | Reached skill level 5 in Evocations
   343 | D        | Reached XP level 7. HP: 53/57 MP: 13/15
   355 | D        | Noticed Prince Ribbit
   355 | D        | Noticed a flying skull
   363 | D        | Killed a flying skull
   401 | D        | Killed Prince Ribbit
   401 | D        | Reached ***** piety under Vehumet
   402 | D        | Reached skill level 5 in Conjurations
   402 | D        | Reached skill level 5 in Hexes
   402 | D        | Reached skill level 5 in Summonings
   402 | D        | Reached skill level 5 in Necromancy
   402 | D        | Reached skill level 5 in Transmutations
   402 | D        | Reached skill level 5 in Fire Magic
   402 | D        | Reached skill level 5 in Ice Magic
   402 | D        | Reached skill level 5 in Air Magic
   402 | D        | Reached skill level 5 in Earth Magic
   402 | D        | Reached skill level 5 in Poison Magic
   402 | D        | Reached skill level 5 in Shapeshifting
   402 | D        | Reached XP level 8. HP: 34/65 MP: 16/18
   506 | D        | Noticed a red devil
   527 | D        | Offered knowledge of Flame Wave by Vehumet.
   592 | D        | Killed a red devil
   738 | D        | Offered knowledge of Airstrike by Vehumet.
   745 | D        | Learned a level 4 spell: Airstrike
   891 | D        | Noticed a cane toad
   935 | D        | Offered knowledge of Plasma Beam by Vehumet.
  1007 | D        | Killed a cane toad
  1012 | D        | Reached XP level 9. HP: 10/73 MP: 20/20
  1243 | D        | Noticed a merfolk
  1268 | D        | Killed a merfolk
  1401 | D        | Noticed Joseph
  1401 | D        | Noticed Grinder
  1401 | D        | Noticed a tarantella
  1404 | D        | Noticed an elephant
  1411 | D        | Noticed a demonic crawler
  1442 | D        | Killed a demonic crawler
  1451 | D        | Killed an elephant
  1610 | D        | Killed a tarantella
  1610 | D        | Reached ****** piety under Vehumet
  1614 | D        | Paralysed by Grinder for 5 turns
  1620 | D        | Paralysed by Grinder for 4 turns
  1626 | D        | Paralysed by Grinder for 5 turns
  1633 | D        | Killed Grinder
  1633 | D        | Offered knowledge of Lee's Rapid Deconstruction by Vehumet.
  1634 | D        | Reached XP level 10. HP: 82/82 MP: 21/23
  1641 | D        | Learned a level 5 spell: Lee's Rapid Deconstruction
  1646 | D        | Noticed Gastronok
  1860 | D        | Noticed a two-headed ogre
  1883 | D        | Killed Joseph
  1896 | D        | Noticed a deep elf pyromancer
  1902 | D        | Noticed a black mamba
  1903 | D        | Noticed a gargoyle
  1905 | D        | Killed a deep elf pyromancer
  1906 | D        | Reached skill level 10 in Dodging
  1906 | D        | Reached skill level 10 in Shields
  1906 | D        | Reached skill level 10 in Invocations
  1915 | D        | Killed a black mamba
  1924 | D        | Killed a gargoyle
  1928 | D        | Offered knowledge of Leda's Unmaking by Vehumet.
  2011 | D        | Learned a level 6 spell: Leda's Unmaking
  2149 | D        | Killed Gastronok
  2150 | D        | Reached skill level 10 in Spellcasting
  2261 | D        | Noticed a lindwurm
  2263 | D        | Noticed a cane toad
  2287 | D        | Killed a lindwurm
  2288 | D        | Reached skill level 10 in Fighting
  2340 | D        | Noticed a gargoyle
  2346 | D        | Killed a gargoyle
  2347 | D        | Reached XP level 11. HP: 91/91 MP: 17/25
  2364 | D        | Reached skill level 10 in Translocations
  2390 | D        | Noticed a boulder beetle
  2390 | D        | Noticed a bog body
  2393 | D        | Killed a bog body
  2394 | D        | Reached skill level 10 in Short Blades
  2394 | D        | Reached skill level 10 in Long Blades
  2394 | D        | Reached skill level 10 in Axes
  2394 | D        | Reached skill level 10 in Maces & Flails
  2394 | D        | Reached skill level 10 in Polearms
  2394 | D        | Reached skill level 10 in Staves
  2394 | D        | Reached skill level 10 in Ranged Weapons
  2394 | D        | Reached skill level 10 in Throwing
  2394 | D        | Reached skill level 10 in Armour
  2394 | D        | Reached skill level 10 in Stealth
  2394 | D        | Reached skill level 10 in Unarmed Combat
  2394 | D        | Reached skill level 10 in Evocations
  2438 | D        | Offered knowledge of Fireball by Vehumet.
  2595 | D        | Killed a boulder beetle
  2605 | D        | Killed a two-headed ogre
  2689 | D        | Offered knowledge of Eringya's Noxious Bog by Vehumet.
  2748 | D        | Noticed Dowan
  2757 | D        | Killed Dowan
  2776 | D        | Noticed Duvessa
  2812 | D        | Killed Duvessa
  2849 | D        | Noticed a deep elf knight
  2852 | D        | Noticed a deep elf archer
  2854 | D        | Killed a deep elf knight
  2854 | D        | Offered knowledge of Ozocubu's Refrigeration by Vehumet.
  2855 | D        | Noticed a deep elf knight
  2894 | D        | Killed a deep elf archer
  3011 | D        | Noticed a deep elf knight
  3025 | D        | Killed a deep elf knight
  3032 | D        | Killed from afar by a deep elf knight

Illustrated notes

Levels and vault maps discovered:
D:        pitsprint [storerooms_1, entrance_room_1, metal_vault_6, armoury_2,
          mini_pit_1, grid_room_1, main_hall_1, silver_pit, the_coven_3,
          the_vestibule_1, steel_vault_3, golden_pit, hallway_of_sentries,
          crystal_vault_2, iron_vault_5, final_vault]

Skill      XL: |  1  2  3  4  5  6  7  8  9 10 11 |
---------------+----------------------------------+-----
Short Blades   | 3 4 5 6 7 8 9 11 | 11.2
Long Blades    | 3 4 5 6 7 8 9 11 | 11.2
Axes           | 3 4 5 6 7 8 9 11 | 11.2
Maces & Flails | 3 4 5 6 7 8 9 11 | 11.2
Polearms       | 3 4 5 6 7 8 9 11 | 11.2
Staves         | 3 4 5 6 7 8 9 11 | 11.2
Ranged Weapons | 3 4 5 6 7 8 9 11 | 11.2
Throwing       | 3 4 5 6 7 8 9 11 | 11.2
Armour         | 3 4 5 6 7 8 9 11 | 11.2
Stealth        | 3 4 5 6 7 8 9 11 | 11.2
Unarmed Combat | 3 4 5 6 7 8 9 11 | 11.2
Evocations     | 3 4 5 6 7 8 9 11 | 11.2
Fighting       | 4 5 6 7 8 10 11 | 11.5
Dodging        | 5 6 7 8 9 10 12 | 12.1
Shields        | 5 6 7 8 9 10 12 | 12.1
Spellcasting   | 4 5 6 7 9 10 11 | 11.6
Conjurations   | 2 3 4 5 6 7 8 9 |  9.5
Hexes          | 2 3 4 5 6 7 8 9 |  9.5
Summonings     | 2 3 4 5 6 7 8 9 |  9.5
Necromancy     | 2 3 4 5 6 7 8 9 |  9.5
Translocations | 6 7 8 9 11 | 11.0
Transmutations | 2 3 4 5 6 7 8 9 |  9.5
Fire Magic     | 2 3 4 5 6 7 8 9 |  9.5
Ice Magic      | 2 3 4 5 6 7 8 9 |  9.5
Air Magic      | 2 3 4 5 6 7 8 9 |  9.5
Earth Magic    | 2 3 4 5 6 7 8 9 |  9.5
Poison Magic   | 2 3 4 5 6 7 8 9 |  9.5
Invocations    | 4 5 6 7 8 9 11 12 | 12.5
Shapeshifting  | 2 3 4 5 6 7 8 9 |  9.5

Action                     |  1- 3 |  4- 6 |  7- 9 | 10-12 || total
---------------------------+-------+-------+-------+-------++-------
  Melee: Dagger            |    22 |    32 |    37 |       ||    91
         Bite              |     3 |     1 |    27 |    23 ||    54
         Long sword        |       |       |    74 |    41 ||   115
         Scimitar          |       |       |    61 |   136 ||   197
   Cast: Foxfire           |     3 |     6 |     9 |    37 ||    55
         Airstrike         |       |       |     1 |     2 ||     3
         Lee's Rapid Decon |       |       |       |    26 ||    26
    Use: Potion            |     1 |       |    11 |     3 ||    15
   Stab: Sleeping          |     1 |     1 |       |       ||     2
 Armour: Robe              |     7 |     5 |    10 |       ||    22
         Ring mail         |       |       |    62 |    73 ||   135
  Dodge: Dodged            |    12 |    12 |   108 |   162 ||   294
  Block: Buckler           |     2 |    10 |    67 |    82 ||   161

Table legend: (Time is in decaauts)
 A = Elapsed time spent in this place.
 B = Non-inter-level travel time spent in this place.
 C = Inter-level travel time spent in this place.
 D = Time resting spent in this place.
 E = Time spent auto-exploring this place.
 F = Levels seen in this place.
 G = Mean time per level.
                   A        B        C        D        E       F      G
               +--------+--------+--------+--------+--------+-----+--------+
         Total |   3074 |   3074 |      0 |   1155 |    458 |   1 | 3074.0 |
       Dungeon |   3074 |   3074 |      0 |   1155 |    458 |   1 | 3074.0 |
               +--------+--------+--------+--------+--------+-----+--------+

Top non-repeatable levels by time:
       D: 3074 daAuts
